[Event "Early-Titled-Tuesday-Blitz-November-28-2023"]
[Site "Chess.com"]
[Date "2023.11.28"]
[Round "2"]
[White "Kapitan_Bayan"]
[Black "Nf3c5"]
[Result "0-1"]
[WhiteElo "2285"]
[BlackElo "2511"]
[TimeControl "180+1"]
[EndTime "8:18:05 PST"]
[Termination "Nf3c5 won by checkmate"]

1. e4 c5 2. Nf3 a6 3. c4 Nc6 4. d4 cxd4 5. Nxd4 e5 6. Nc2 Nf6 7.
Nc3 Bc5 8. Be2 d6 9. O-O O-O 10. Be3 Be6 11. Bg5 h6 12. Bxf6 Qxf6 13. Nd5 Qg6 14. Bf3 Kh8 15. Nce3 Nd4 16. Kh1 Rad8 17. b4 Ba7 18. Rc1 f5 19. Ne7 Qg5 20. N7xf5 Bxf5 21. exf5 Nxf5 22. Nxf5 Rxf5 23. Qe2 Rdf8 24. Rc3 Bd4 25. Rd3 b6 26. a3 a5 27. b5 Qh4 28.
a4 Bc5 29. h3 Rf4 30. Kh2 Qf6 31. Rb3 e4 32. Bxe4 Qe5 33. g3 Rxe4 34. Qd3 Re2 35. Kg2 Rfxf2+ 36. Rxf2 Rxf2+ 37. Kh1 Qe1+ 38. Qf1 Qxf1# 0-1

[Event "Early-Titled-Tuesday-Blitz-November-28-2023"]
[Site "Chess.com"]
[Date "2023.11.28"]
[Round "2"]
[White "Roman_Ovetchkin"]
[Black "Jojo_898"]
[Result "1-0"]
[WhiteElo "2657"]
[BlackElo "2376"]
[TimeControl "180+1"]
[EndTime "8:18:06 PST"]
[Termination "Roman_Ovetchkin won by checkmate"]

1. d4 Nf6 2. c4 e6 3. g3 d5 4. Bg2 Ne4 5. Nf3 Be7 6. O-O O-O 7. Nc3 f5 8. Nd2 c6 9. Ndxe4 fxe4 10. f3 exf3 11.
exf3 dxc4 12. f4 Bf6 13. Be3 Nd7 14. Qe2 Nb6 15. Rad1 Bd7 16. Ne4 Be8 17. Nc5 Qc8 18. Bf2 Bf7 19. Bh3 Re8 20. Rfe1 Re7 21. g4 h6 22. Ne4 Qf8 23. g5 Nd5 24. Bg3 Bxd4+ 25.
Rxd4 b5 26. gxh6 gxh6 27. Nd6 Qg7 28. Qe5 Qxe5 29. Rxe5 Rd8 30. Nxf7 Kxf7 31. Bh4 Rg8+ 32. Kf2 Ree8 33. f5 exf5 34. Rxf5+ Kg7 35. Rg4+ Kh8 36.
Rxg8+ Kxg8 37. Bg3 Nb4 38. Rf6 Kg7 39. Rd6 Nd3+ 40.
Kf3 Nxb2 41. Rxc6 b4 42. Bf5 Rf8 43. Kg4 c3 44. Be5+ Kg8 45. Rc7 Rxf5 46. Kxf5 Nd3 47. Bxc3 bxc3 48. Rxc3 Nb4 49. a4 Nd5 50. Rc5 Nb6 51.
Kg6 Nxa4 52. Rc8# 1-0

[Event "Early-Titled-Tuesday-Blitz-November-28-2023"]
[Site "Chess.com"]
[Date "2023.11.28"]
[Round "2"]
[White "Barmen_EV"]
[Black "tylityli"]
[Result "1-0"]
[WhiteElo "2503"]
[BlackElo "2262"]
[TimeControl "180+1"]
[EndTime "8:18:06 PST"]
[Termination "Barmen_EV won on time"]

1. e4 e5 2. Nf3 Nc6 3. d4 exd4 4. c3 Nf6 5. e5 Ne4 6. cxd4 d5 7. Nc3 Bb4 8. Qb3 O-O 9. Bd3 Bg4 10. Be3 a5 11.
O-O Bxf3 12. gxf3 Bxc3 13. bxc3 Ng5 14. f4 Nf3+ 15. Kg2 Nh4+ 16. Kh1 a4 17. Qd1 g6 18. f5 Nxf5 19. Bxf5 gxf5 20. Rg1+ Kh8 21. Bg5 f6 22. Bxf6+ Rxf6 23. exf6 Qxf6 24. Qh5 Ne7 25.
Qg5 Qxg5 26. Rxg5 Rf8 27. Re1 Ng6 28. h4 Kg7 29. h5 Kf6 30. Rg3 Nf4 31. h6 Ng6 32.
Rb1 f4 33. Rg2 b6 34. Rb5 Ke6 35. f3 Kd6 36. Rb4 Re8 37. Rb1 Re3 38. Rf1 Rxc3 39. Rxg6+ hxg6 40. h7 1-0

[Event "Early-Titled-Tuesday-Blitz-November-28-2023"]
[Site "Chess.com"]
[Date "2023.11.28"]
[Round "2"]
[White "NikitaShnadrygin"]
[Black "ozen_metehan"]
[Result "0-1"]
[WhiteElo "2677"]
[BlackElo "2418"]
[TimeControl "180+1"]
[EndTime "8:18:07 PST"]
[Termination "ozen_metehan won by checkmate"]

1. Nf3 Nf6 2. g3 b5 3. Bg2 Bb7 4. O-O d6 5. d4 g6 6. b3 Bg7 7.
Bb2 O-O 8. Nbd2 Nbd7 9. c4 a6 10.
Rc1 c5 11. dxc5 Nxc5 12. Qc2 Rc8 13. Rfd1 b4 14. Qb1 a5 15. Nd4 Bxg2 16. Kxg2 Qd7 17.
e4 a4 18. f3 Ra8 19. Nf1 Bh6 20. Rc2 Qb7 21. Nb5 Nfd7 22. Bc1 Bxc1 23. Rcxc1 axb3 24. axb3 Ra6 25. Ne3 Rfa8 26. Nd5 Ra2+ 27. Rc2 Rxc2+ 28.
Qxc2 Ne5 29. Nbc7 Ra3 30. Nxe7+ Kg7 31. Ned5 Rxb3 32. Qd2 Ncd3 33. Qg5 Rb2+ 34. Rd2 Rxd2+ 35. Qxd2 b3 36. Qg5 Qa7 37. Qf6+ Kh6 38. Qh4+ Kg7 39. Qf6+ Kh6 40. Qh4+ Kg7 41. Ne8+ Kf8 42. Nef6 Qf2+ 43.
Kh3 Qf1# 0-1

[Event "Early-Titled-Tuesday-Blitz-November-28-2023"]
[Site "Chess.com"]
[Date "2023.11.28"]
[Round "2"]
[White "GMJustin"]
[Black "Let_it_be_1"]
[Result "0-1"]
[WhiteElo "2276"]
[BlackElo "2668"]
[TimeControl "180+1"]
[EndTime "8:18:08 PST"]
[Termination "Let_it_be_1 won on time"]

1. d4 d5 2. c4 e6 3. Nc3 Be7 4. cxd5 exd5 5. Nf3 c6 6. Qc2 g6 7. e4 dxe4 8. Nxe4 Nf6 9. Nxf6+ Bxf6 10. Bh6 Qa5+ 11.
Qd2 Qxd2+ 12. Kxd2 Be6 13. Re1 Nd7 14. Bc4 O-O-O 15.
Bxe6 fxe6 16. Rxe6 Bxd4 17. Nxd4 Nc5 18. Kc3 Na4+ 19.
Kc2 Rxd4 20. Bg7 Rc4+ 21. Kd3 b5 22. Rxc6+ Rxc6 23. Bxh8 Rd6+ 24. Ke3 Re6+ 25. Kf3 Rd6 26. Rc1+ Kb7 27. Rc2 Nb6 28. h4 Rd3+ 29. Ke4 Rd1 30. g4 a5 31. Be5 Nc4 32. Bg3 Re1+ 33. Kf4 a4 34. Kg5 Rb1 35. Kh6 Rxb2 36. Rxb2 Nxb2 37. Kxh7 Nc4 38. Kxg6 b4 39. h5 b3 40. axb3 axb3 41. Bh4 Ne5+ 42. Kf5 b2 43. Kxe5 b1=Q 0-1

[Event "Early-Titled-Tuesday-Blitz-November-28-2023"]
[Site "Chess.com"]
[Date "2023.11.28"]
[Round "2"]
[White "SayonaraPonytail"]
[Black "Pendos666"]
[Result "0-1"]
[WhiteElo "2539"]
[BlackElo "2796"]
[TimeControl "180+1"]
[EndTime "8:18:09 PST"]
[Termination "Pendos666 won by resignation"]

1. e4 c5 2. Nf3 Nc6 3. Bb5 g6 4. O-O Bg7 5. Re1 e5 6. c3 Nge7 7. d4 cxd4 8. cxd4 exd4 9. Bf4 d6 10. Na3 O-O 11. h3 a6 12. Bf1 Be6 13. Nc2 Qb6 14. Bxd6 Rfd8 15. e5 Qxb2 16. Ncxd4 Nxd4 17. Nxd4 Nf5 18. Nxe6 fxe6 19. Rb1 Qxa2 20. Qg4 b5 21. Rbd1 Qb3 22. Rd3 Qc4 23. Qd1 Qc6 24. g3 Rac8 25.
Bg2 Qc4 26. Bb7 b4 27. Bxc8 Rxc8 28. Rd2 h5 29. Rde2 a5 30. Re4 Qd5 31. Qa4 Nd4 32.
Qd7 Nf3+ 33. Kf1 Rc2 34. Rf4 Qd3+ 35. Kg2 Nxe1+ 36. Kh2 Nf3+ 37. Kg2 Ng5 38. Qd8+ Kh7 39. Qxg5 Rc1 40. Rf7 Qf1+ 41. Kf3 Rc3+ 42. Qe3 Rxe3+ 43.
Kxe3 Qc1+ 44. Kf3 Kg8 45. Rd7 Qd1+ 46. Kg2 b3 47. Rd8+ Kh7 48. Rd7 b2 49. Rb7 b1=Q 50.
Rxb1 Qxb1 51. h4 Qe4+ 52. Kh2 a4 0-1

[Event "Early-Titled-Tuesday-Blitz-November-28-2023"]
[Site "Chess.com"]
[Date "2023.11.28"]
[Round "2"]
[White "HanSchut"]
[Black "tetrix83"]
[Result "0-1"]
[WhiteElo "2302"]
[BlackElo "2518"]
[TimeControl "180+1"]
[EndTime "8:18:09 PST"]
[Termination "tetrix83 won on time"]

1. e4 c5 2. Nf3 d6 3. d4 cxd4 4. Nxd4 Nf6 5. f3 a6 6. c4 Nc6 7. Be3 e6 8. Nc3 Be7 9. Qd2 d5 10. cxd5 exd5 11. exd5 Nxd5 12. Nxc6 bxc6 13. Nxd5 cxd5 14.
Bd4 O-O 15. Be2 Be6 16. O-O a5 17. b3 Bb4 18. Qb2 f6 19. Rad1 Qd6 20. Kh1 Bf7 21.
Bd3 Rfc8 22. Qb1 h6 23. Bg6 Bxg6 24. Qxg6 Rc6 25. Be3 Kh8 26. Rd4 Qf8 27. Rxd5 Re8 28. Bc1 Rce6 29. Bd2 Re2 30. Bxb4 axb4 31. Qb1 Qe7 32.
Rdd1 Qa7 33. Qg6 Qxa2 34. Rd7 R2e7 35. Rxe7 Rxe7 36. Rd1 Qd2 37. Ra1 Re1+ 0-1

[Event "Early-Titled-Tuesday-Blitz-November-28-2023"]
[Site "Chess.com"]
[Date "2023.11.28"]
[Round "2"]
[White "Tobias_Koelle"]
[Black "Mouse-Sleep"]
[Result "1/2-1/2"]
[WhiteElo "2860"]
[BlackElo "2576"]
[TimeControl "180+1"]
[EndTime "8:18:10 PST"]
[Termination "Game drawn by repetition"]

1. Nf3 Nf6 2. c4 c5 3. e3 d5 4. cxd5 Nxd5 5. Nc3 Nxc3 6. bxc3 g6 7. d4 Bg7 8. Be2 O-O 9. O-O Qa5 10. Bb2 Nc6 11.
Qb3 Rb8 12. d5 Ne5 13. Nxe5 Bxe5 14. c4 Bxb2 15. Qxb2 a6 16. Qe5 Bf5 17. e4 f6 18.
Qxe7 Rbe8 19. Qxb7 Bxe4 20. Bg4 f5 21. Bf3 Bxf3 22. gxf3 f4 23. d6 Re5 24. Kh1 Rh5 25.
Rae1 Qc3 26. d7 Qf6 27. Rg1 Rd8 28. Re8+ Kg7 29. Rxd8 Qxd8 30. Qc6 Qh4 31. Rg2 Qe7 32. Qc7 Qe1+ 33. Rg1 Rxh2+ 34. Kxh2 Qxf2+ 35. Kh1 Qh4+ 36.
Kg2 Qg3+ 37. Kf1 Qxf3+ 38. Ke1 Qe3+ 39. Kd1 Qd3+ 40. Kc1 Qxc4+ 41. Kb2 Qb4+ 42. Kc2 Qc4+ 43. Kd2 Qd4+ 44. Ke2 Qe3+ 45. Kf1 Qf3+ 46. Ke1 Qe3+ 47. Kd1 Qd3+ 48. Kc1 Qc3+ 49. Kb1 Qb4+ 50. Kc2 Qc4+ 51. Kb2 Qb4+ 52. Kc1 Qc3+ 53. Kd1 Qd3+ 54. Ke1 Qe3+ 55. Kd1 Qd3+ 1/2-1/2

[Event "Early-Titled-Tuesday-Blitz-November-28-2023"]
[Site "Chess.com"]
[Date "2023.11.28"]
[Round "2"]
[White "Chessmissile07"]
[Black "TimGrutter03"]
[Result "1-0"]
[WhiteElo "2867"]
[BlackElo "2565"]
[TimeControl "180+1"]
[EndTime "8:18:11 PST"]
[Termination "Chessmissile07 won on time"]

1. a3 a6 2. c4 g6 3. g3 Bg7 4. Bg2 c5 5. Nc3 Nf6 6. d3 O-O 7. e4 d6 8. Nge2 Nc6 9. O-O Rb8 10. a4 Ne8 11. Be3 b5 12. axb5 axb5 13. Nxb5 Nc7 14. Nec3 Nd4 15. Nxc7 Qxc7 16. Bxd4 Bxd4 17. Nb5 Qb6 18.
Rb1 Bg7 19. b4 Bd7 20. bxc5 Qxc5 21. Qa4 Ra8 22. Qb4 Ra2 23. Qxc5 dxc5 24. Nc7 e6 25. f4 Bd4+ 26. Kh1 Rc8 27. Nb5 Bg7 28. e5 Bc6 29.
Bxc6 Rxc6 30. Ra1 Rxa1 31. Rxa1 f6 32. Ra8+ Kf7 33. Nd6+ Ke7 34. Ra7+ Kf8 35. Ra8+ Ke7 36. Ra7+ Kf8 37. Rf7+ Kg8 38. Rd7 fxe5 39. Rd8+ Bf8 40. fxe5 Kg7 41. Rd7+ Kh6 42. Ne4 1-0

[Event "Early-Titled-Tuesday-Blitz-November-28-2023"]
[Site "Chess.com"]
[Date "2023.11.28"]
[Round "2"]
[White "giomar27"]
[Black "JaloliddinIlkhomi"]
[Result "0-1"]
[WhiteElo "2440"]
[BlackElo "2718"]
[TimeControl "180+1"]
[EndTime "8:18:11 PST"]
[Termination "JaloliddinIlkhomi won by checkmate"]

1. e4 e6 2. d3 d5 3. Nd2 c5 4.
Ngf3 Nc6 5. g3 Bd6 6. Bg2 Nge7 7.
O-O O-O 8. Re1 Qc7 9. c3 f6 10.
Qc2 d4 11. Nc4 e5 12. a4 Be6 13. cxd4 cxd4 14. Bd2 Nb4 15. Qb3 Nxd3 16. Qxd3 Qxc4 17. Qxc4 Bxc4 18. Rec1 Be6 19. Bf1 Rfc8 20. Ne1 Rxc1 21. Rxc1 Rc8 22. Rxc8+ Nxc8 23. Nd3 Nb6 24. a5 Nc4 25.
Be1 Bd7 26. f4 Ne3 27. Be2 Bc6 28. Bf3 exf4 29. gxf4 Bc7 30. b4 f5 31. Nc5 Bxf4 32. Kf2 Nc2 33. exf5 Bd6 34. Nxb7 Bxb7 35. Bxb7 Bxb4 36.
Bxb4 Nxb4 37. Kf3 Kf7 38. Ke4 d3 39. Bc8 Kf6 40. Ke3 Ke5 41. Be6 Nc6 42. Kxd3 Nxa5 43. Kc3 Nc6 44. Bc8 Nd4 45. f6 gxf6 46. Ba6 f5 47. Kd3 f4 48. Kd2 Nf5 49. Ke1 Ke4 50. Kf1 Ke3 51. Kg1 f3 52. Kf1 Nd4 53. Kg1 h5 54. Kf1 h4 55. h3 Nc6 56. Ke1 Nb4 57. Bc4 a5 58. Kf1 a4 59. Ke1 a3 60. Bb3 a2 61.
Bxa2 Nxa2 62. Kf1 Nc3 63. Kg1 Ne4 64. Kf1 Ng3+ 65. Kg1 f2+ 66. Kg2 f1=Q+ 67. Kh2 Qh1# 0-1

[Event "Early-Titled-Tuesday-Blitz-November-28-2023"]
[Site "Chess.com"]
[Date "2023.11.28"]
[Round "2"]
[White "katharinareinecke"]
[Black "MeesvanOsch"]
[Result "0-1"]
[WhiteElo "1977"]
[BlackElo "2422"]
[TimeControl "180+1"]
[EndTime "8:18:11 PST"]
[Termination "MeesvanOsch won by resignation"]

1. d4 d5 2. c4 c6 3. Nf3 Nf6 4.
g3 Bf5 5. Bg2 e6 6. O-O Be7 7. Nc3 O-O 8. Nh4 Bg6 9. Nxg6 hxg6 10.
b3 Nbd7 11. Bb2 Re8 12. Re1 Nb6 13. cxd5 exd5 14. e4 dxe4 15. Nxe4 Nxe4 16. Rxe4 Bf6 17. Rxe8+ Qxe8 18. Qc2 Rd8 19. Rd1 Nd5 20. Qc5 Qe2 21.
Qc1 Re8 22. Bf1 Qe4 23. Bg2 Qe2 24. Bf1 Qe6 25. Qc5 a6 26. Qc2 Nb4 27. Qb1 Qf5 28. Qxf5 gxf5 29. a3 Nd5 30. b4 g6 31. Bc4 b5 32. Bf1 Kf8 33. h4 Ke7 34. Re1+ Kd7 35. Rxe8 Kxe8 36. Kg2 Kd7 37. Kf3 Kd6 38. Ke2 f4 39.
Bg2 Nb6 40. Kd3 Nc4 41. Kc2 Nxb2 42. Kxb2 Bxd4+ 43. Kb3 Bxf2 44. gxf4 Bxh4 45. a4 Bg3 46. axb5 axb5 47. f5 g5 48. Be4 Be1 49. Bf3 f6 50. Be4 g4 51. Bg2 g3 52. Kc2 Bxb4 53. Kd3 c5 54.
Ke2 c4 55. Kf3 c3 56. Kxg3 c2 0-1

[Event "Early-Titled-Tuesday-Blitz-November-28-2023"]
[Site "Chess.com"]
[Date "2023.11.28"]
[Round "2"]
[White "DreamsAreFake"]
[Black "Oleksandr_Bortnyk"]
[Result "1/2-1/2"]
[WhiteElo "2652"]
[BlackElo "3056"]
[TimeControl "180+1"]
[EndTime "8:18:13 PST"]
[Termination "Game drawn by repetition"]

1. e4 Nf6 2. d3 d5 3. Nd2 e5 4. Ngf3 Nc6 5. g3 Bc5 6. Bg2 O-O 7. O-O dxe4 8. dxe4 Qe7 9. c3 a5 10. a4 h6 11. Qe2 Be6 12. Nc4 Nd7 13. Ne3 Nb6 14. Nd2 Rfd8 15. Ndc4 Nxc4 16. Nxc4 Qd7 17. Ne3 Ne7 18.
Rd1 Qc6 19. Nd5 Nxd5 20. exd5 Bxd5 21. Bxd5 Rxd5 22. Be3 Bxe3 23. Qxe3 Rad8 24. Rxd5 Rxd5 25. b3 b6 26. c4 Rd4 27. Qxe5 Rd3 28. Rb1 Qd7 29.
Kg2 Qc6+ 30. Kg1 Kh7 31. h4 Qd7 32. Kg2 c5 33. Qe4+ f5 34. Qe5 Qc6+ 35. Kg1 Qf3 36. Qe6 Rd4 37. Re1 Rd2 38. Qe3 Rd3 39. Qxf3 Rxf3 40. Re3 Rxe3 41. fxe3 Kg6 42. Kf2 Kf6 43.
Kf3 g5 44. hxg5+ hxg5 45. e4 Ke5 46. exf5 Kxf5 47. g4+ Kf6 48. Ke4 Ke6 49. Kd3 Ke5 50. Ke3 Kd6 51. Ke4 Ke6 52. Kf3 Ke5 53. Ke3 Kf6 54. Ke4 Ke6 1/2-1/2

[Event "Early-Titled-Tuesday-Blitz-November-28-2023"]
[Site "Chess.com"]
[Date "2023.11.28"]
[Round "2"]
[White "marcodobrikov"]
[Black "artin10862"]
[Result "1-0"]
[WhiteElo "2610"]
[BlackElo "2904"]
[TimeControl "180+1"]
[EndTime "8:18:14 PST"]
[Termination "marcodobrikov won by checkmate"]

1. Nf3 Nf6 2. Nc3 c5 3. e3 Nc6 4.
d4 cxd4 5. exd4 d5 6. Bb5 Bg4 7. O-O Qb6 8. Bxc6+ Qxc6 9. h3 Bxf3 10. Qxf3 e6 11.
Bg5 Be7 12. Qd3 O-O 13. Bxf6 Bxf6 14. Ne2 Qb6 15. Rfb1 Rfc8 16. c3 Be7 17. b4 Rc4 18. a4 Qc7 19. a5 Rc8 20. Rb3 Bd6 21. g3 Qe7 22. Kg2 Qf6 23. h4 R8c7 24. Ra2 Qd8 25.
Rab2 Rc8 26. Ra2 R4c7 27. Rab2 b6 28. axb6 axb6 29. Ra2 Qd7 30. Ra6 Qc6 31. Rba3 Qb7 32. Qb5 Rb8 33. Ra2 g6 34. h5 Qc6 35. Qxc6 Rxc6 36.
hxg6 hxg6 37. Ra7 Rbc8 38. R2a6 Rb8 39. Rd7 Bc7 40. Ra7 Rc8 41. b5 Rc4 42. Nf4 Kf8 43. Nd3 Kg7 44. Ne5 Bxe5 45. Rxf7+ Kh6 46. dxe5 Rxc3 47.
Rh7+ Kg5 48. Raf7 Rc2 49. Rhg7 Re2 50. Rf6 Rcc2 51. Rgxg6+ Kh5 52. Rg8 Rxe5 53. Kh3 Rc3 54. f4 Rf5 55. Rh8# 1-0

[Event "Early-Titled-Tuesday-Blitz-November-28-2023"]
[Site "Chess.com"]
[Date "2023.11.28"]
[Round "2"]
[White "sokidze"]
[Black "Eloist"]
[Result "1-0"]
[WhiteElo "2749"]
[BlackElo "2392"]
[TimeControl "180+1"]
[EndTime "8:18:14 PST"]
[Termination "sokidze won on time"]

1. d4 e6 2. c4 Nf6 3. Nf3 b6 4. g3 Bb7 5. Bg2 Be7 6. O-O O-O 7. Nc3 Ne4 8. Bd2 f5 9. Rc1 Bf6 10. d5 Na6 11. Be1 Nac5 12. Nd4 Qe7 13. b4 Nxc3 14. Bxc3 Ne4 15. Be1 c5 16. dxc6 dxc6 17. Nb3 Rad8 18. Qc2 c5 19. f3 Ng5 20. bxc5 bxc5 21. Bf2 Rc8 22. Qd2 Rfd8 23. Qa5 Bd4 24. Nxd4 cxd4 25. Qxa7 Ra8 26. Qb6 Ra6 27. Qb2 e5 28. Rfd1 Rda8 29.
c5 Bd5 30. Qb5 Ra5 31. Qd3 g6 32. c6 Ra3 33. Qb5 R3a5 34. Qb1 Rxa2 35. c7 Rc8 36.
Qb5 Qe6 37. Rc5 Ba8 38. Rxe5 Qf7 39. Bxd4 Rxc7 40. Qb8+ Qf8 41. Qxc7 1-0

[Event "Early-Titled-Tuesday-Blitz-November-28-2023"]
[Site "Chess.com"]
[Date "2023.11.28"]
[Round "2"]
[White "nitpicker"]
[Black "masenik"]
[Result "1/2-1/2"]
[WhiteElo "2309"]
[BlackElo "2508"]
[TimeControl "180+1"]
[EndTime "8:18:14 PST"]
[Termination "Game drawn - insufficient material"]

1. d4 Nf6 2. c4 e6 3. g3 c5 4. d5 exd5 5. cxd5 d6 6. Nc3 g6 7. Bg2 Bg7 8. Nf3 O-O 9. O-O Re8 10. Nd2 a6 11. a4 Nbd7 12. h3 b6 13. Kh2 Bb7 14. e4 h6 15. f4 Nf8 16. Nc4 b5 17.
axb5 axb5 18. Rxa8 Bxa8 19. Nxb5 Nxe4 20. Bxe4 Rxe4 21. Ncxd6 Re7 22. Qf3 Rd7 23. Be3 Rxd6 24. Nxd6 Qxd6 25. b3 Qxd5 26. Qxd5 Bxd5 27. Bxc5 Bxb3 28.
Re1 Ne6 29. Be3 h5 30. Kg1 Bd5 31. Kf2 f5 32. Rd1 Be4 33. Rd7 Bf6 34. Ra7 Bd4 35. Bxd4 Nxd4 36. Rd7 Ne6 37. Ke3 Nf8 38. Re7 Bd5 39. Kd4 Bf7 40. Ke5 Kg7 41. Rc7 Ne6 42. Re7 Nc5 43. Rc7 Ne4 44. g4 hxg4 45. hxg4 Ng3 46. Rc3 Ne2 47. Re3 Nc1 48. gxf5 gxf5 49. Kxf5 Nb3 50. Rxb3 Bxb3 51. Kg4 Bc2 52. Kf3 Kf6 53.
Ke2 Kf5 54. Kd2 Kxf4 1/2-1/2

[Event "Early-Titled-Tuesday-Blitz-November-28-2023"]
[Site "Chess.com"]
[Date "2023.11.28"]
[Round "2"]
[White "Leonid_Starozhilov"]
[Black "NovoselovRoman"]
[Result "0-1"]
[WhiteElo "2732"]
[BlackElo "2539"]
[TimeControl "180+1"]
[EndTime "8:18:16 PST"]
[Termination "NovoselovRoman won by resignation"]

1. e4 e6 2. d3 d5 3. Nf3 Nf6 4.
Nbd2 c5 5. g3 Nc6 6. Bg2 Be7 7.
O-O O-O 8. Re1 b5 9. e5 Nd7 10. Nf1 b4 11. h4 a5 12. Bf4 a4 13. h5 Ba6 14. N1h2 Rc8 15. Ng4 a3 16. b3 Nd4 17.
h6 g6 18. Nxd4 cxd4 19. Rc1 Nb6 20. Qf3 Na8 21. Bd2 Nc7 22. Qf4 Nb5 23. Nf6+ Bxf6 24. exf6 Qb6 25. Bh3 Rc6 26. Bxb4 Rfc8 27. Kg2 R8c7 28.
Re2 Bc8 29. Rce1 Rxc2 30. Rxc2 Rxc2 31. Be7 Qc7 32. Bd6 Qxd6 33. Qg5 Rxa2 34. Rc1 Bd7 35. b4 Nc3 36. b5 Rb2 37. b6 Rxb6 38. Qg4 Rb4 39. Qg5 a2 40. Qd2 Rb1 41. Rxc3 dxc3 42. Qxc3 a1=Q 0-1

[Event "Early-Titled-Tuesday-Blitz-November-28-2023"]
[Site "Chess.com"]
[Date "2023.11.28"]
[Round "2"]
[White "tusplingher"]
[Black "AnaKuchava"]
[Result "1-0"]
[WhiteElo "2500"]
[BlackElo "2237"]
[TimeControl "180+1"]
[EndTime "8:18:16 PST"]
[Termination "tusplingher won on time"]

1. e4 c5 2. b3 d6 3. Bb2 Nc6 4. f4 Nf6 5. Nc3 g6 6. Nd5 Bg7 7. Nxf6+ exf6 8. Nf3 O-O 9. Bc4 f5 10. Bxg7 Kxg7 11. exf5 Bxf5 12. O-O d5 13. Bb5 Nb4 14. c3 Nd3 15. Bxd3 Bxd3 16. Re1 Qd6 17. Ne5 Bf5 18. Qf3 f6 19. Ng4 Rfe8 20. Nf2 Rad8 21.
d3 Re7 22. g4 Bc8 23. Re3 Rxe3 24. Qxe3 Qe6 25. Re1 Re8 26. Qxe6 Rxe6 27. Kf1 Kf7 28.
Rxe6 Bxe6 29. Ke2 Ke7 30. Ke3 Kd6 31. h4 b6 32. g5 f5 33. Nh1 b5 34. Ng3 a5 35. h5 a4 36. d4 c4 37. bxa4 bxa4 38. Kd2 a3 39. Ke3 Bd7 40. Kd2 Ba4 41. Kc1 Ke6 42.
h6 Kd6 43. Nxf5+ gxf5 44. g6 hxg6 45. h7 1-0

[Event "Early-Titled-Tuesday-Blitz-November-28-2023"]
[Site "Chess.com"]
[Date "2023.11.28"]
[Round "2"]
[White "The_Sherman_Variation"]
[Black "Hovik_Hayrapetyan"]
[Result "0-1"]
[WhiteElo "2530"]
[BlackElo "2779"]
[TimeControl "180+1"]
[EndTime "8:18:18 PST"]
[Termination "Hovik_Hayrapetyan won by resignation"]

1. e4 c5 2. c3 Nf6 3. e5 Nd5 4. Nf3 d6 5. Bb5+ Bd7 6. Bc4 e6 7.
Bxd5 exd5 8. d4 Nc6 9. O-O dxe5 10. Nxe5 Nxe5 11. dxe5 Bc6 12. Qg4 h5 13. Qh3 Qd7 14. Qxd7+ Kxd7 15. Be3 Be7 16. Nd2 g5 17. Rad1 Ke6 18. f4 gxf4 19. Bxf4 Rag8 20. Nf3 Rg4 21. g3 Rhg8 22. Kf2 h4 23. Rd2 a5 24. Rfd1 a4 25. a3 b5 26. Ke3 Bd8 27. h3 Rxg3 28. Bxg3 Rxg3 29. Kf2 d4 30. Ne1 Bg5 31. Rd3 Be3+ 32. Ke2 Rxh3 33. cxd4 cxd4 34. Rxd4 Bxd4 35. Rxd4 Rh2+ 36.
Ke3 Kxe5 37. Nd3+ Kf5 38. Rf4+ Ke6 39. Rg4 Rh3+ 40. Kd4 Rh1 41. Nc5+ Kf5 42. Rg8 h3 43. Rg7 f6 44. Rc7 h2 45. Nd3 Rd1 0-1

[Event "Early-Titled-Tuesday-Blitz-November-28-2023"]
[Site "Chess.com"]
[Date "2023.11.28"]
[Round "2"]
[White "AndresDelgado77"]
[Black "Agibileg"]
[Result "1-0"]
[WhiteElo "2272"]
[BlackElo "2645"]
[TimeControl "180+1"]
[EndTime "8:18:18 PST"]
[Termination "AndresDelgado77 won on time"]

1. e4 e5 2. Nc3 g6 3. d4 Bg7 4. dxe5 Bxe5 5. Nf3 Bg7 6. Bg5 f6 7.
Bf4 d6 8. Bc4 Ne7 9. h4 Bg4 10.
Qd2 Nbc6 11. O-O-O Qd7 12. Kb1 O-O-O 13. Be3 Kb8 14.
Nd5 h5 15. Nf4 Qc8 16. Qc3 Ne5 17. Be2 Nxf3 18. gxf3 Bd7 19. Rhg1 Be8 20. Bc4 c6 21. Ne6 d5 22. Bf4+ Ka8 23. Nc7+ Qxc7 24. Bxc7 Rd7 25.
Bf4 dxc4 26. Rxd7 Bxd7 27. Be3 Be6 28. Qa3 Nc8 29. Rxg6 Bf8 30. Qc3 Be7 31. Rxf6 Bxf6 32. Qxf6 Re8 33. f4 b5 34. f5 Bd7 35. Qf7 Rd8 36. Bg5 Be8 37. Qc7 Rd1+ 38. Bc1 Bd7 39. c3 c5 40. Kc2 1-0

[Event "Early-Titled-Tuesday-Blitz-November-28-2023"]
[Site "Chess.com"]
[Date "2023.11.28"]
[Round "2"]
[White "Grammnik"]
[Black "Russian_berezka"]
[Result "0-1"]
[WhiteElo "2350"]
[BlackElo "2604"]
[TimeControl "180+1"]
[EndTime "8:18:18 PST"]
[Termination "Russian_berezka won on time"]

1. e4 c5 2. Nf3 d6 3. d4 cxd4 4. Nxd4 Nf6 5. Nc3 a6 6. f3 e6 7. Be3 h5 8. Bc4 Qc7 9. Bb3 b5 10. Qd2 Nc6 11. O-O-O Nxd4 12. Bxd4 Bb7 13. Rhe1 Be7 14.
Qg5 Rh7 15. e5 Ng4 16. Qf4 dxe5 17. Bxe5 Nxe5 18. Qxe5 Qxe5 19. Rxe5 h4 20. h3 Rh6 21. Kb1 Rg6 22. Re2 Rd8 23. Rxd8+ Kxd8 24. Rd2+ Kc7 25. Ne4 f5 26. Nc3 Bg5 27. Re2 Kd6 28. a4 b4 29. Na2 a5 30. c3 Ba6 31. Re1 bxc3 32. Nxc3 Bf4 33. Nb5+ Kd7 34. Bc4 Bb7 35. Rd1+ Ke7 36.
Bf1 e5 37. Kc2 Rc6+ 38. Kb3 Rc5 39. Rd3 Bd5+ 40. Rxd5 Rxd5 41. Kc2 Rc5+ 42. Kd3 Bc1 0-1

[Event "Early-Titled-Tuesday-Blitz-November-28-2023"]
[Site "Chess.com"]
[Date "2023.11.28"]
[Round "2"]
[White "jlf287"]
[Black "NowInChess"]
[Result "0-1"]
[WhiteElo "2425"]
[BlackElo "2178"]
[TimeControl "180+1"]
[EndTime "8:18:18 PST"]
[Termination "NowInChess won by checkmate"]

1. d4 Nf6 2. Bf4 g6 3. e3 Bg7 4.
h3 O-O 5. Nf3 d6 6. Be2 c5 7.
O-O b6 8. Nbd2 Bb7 9. c3 Nbd7 10. a4 Re8 11. Bg3 e5 12. a5 Nh5 13. Bh4 Bf6 14.
Bxf6 Nhxf6 15. a6 Bxf3 16. Bxf3 e4 17. Be2 d5 18. Bb5 Rc8 19. b4 c4 20. Qa4 Qe7 21.
Bc6 Rcd8 22. Qb5 Qe6 23. f4 Rf8 24. g4 h5 25. f5 Qd6 26. Kg2 hxg4 27. hxg4 Nxg4 28.
Rh1 Nxe3+ 29. Kf2 Qf4+ 30. Ke2 Nxf5 31. Rag1 Ng3+ 32. Kd1 Nxh1 33. Rxh1 e3 34. Bxd7 exd2 35. Qxd5 Rxd7 36. Qg2 Re8 37. Qh3 Re1+ 38. Rxe1 dxe1=Q+ 39. Kxe1 Qe4+ 40. Kd1 Re7 41. Qc8+ Kg7 42. Qh3 Qd3+ 43. Qxd3 cxd3 44. Kd2 g5 45. Kxd3 g4 46. c4 g3 47. c5 bxc5 48. dxc5 g2 49. Kc4 g1=Q 50.
Kb5 Qf1+ 51. Ka5 Qc4 52. b5 Qxc5 53. Ka4 Re4+ 54. Ka5 Qa3# 0-1

[Event "Early-Titled-Tuesday-Blitz-November-28-2023"]
[Site "Chess.com"]
[Date "2023.11.28"]
[Round "2"]
[White "Ramla2020"]
[Black "alexrustemov"]
[Result "0-1"]
[WhiteElo "2563"]
[BlackElo "2862"]
[TimeControl "180+1"]
[EndTime "8:18:19 PST"]
[Termination "alexrustemov won by resignation"]

1. c4 c5 2. g3 g6 3. Bg2 Bg7 4. Nc3 Nc6 5. e3 Bxc3 6. bxc3 b6 7. Ne2 Bb7 8. O-O d6 9. d3 f5 10. Nf4 Nf6 11. Nd5 O-O 12. d4 Na5 13. Qe2 e6 14. Nxf6+ Qxf6 15. Bxb7 Nxb7 16. d5 Rae8 17. Rd1 e5 18. e4 fxe4 19. Bh6 Qf3 20. Re1 Qxe2 21. Rxe2 Rf3 22. Rc1 Na5 23. Rxe4 Kf7 24. Kg2 Rf6 25. h4 Kg8 26. f4 Rf7 27. Rce1 Rd7 28. fxe5 Rxe5 29.
Rxe5 dxe5 30. Re4 Kf7 31. g4 Nb7 32. Rxe5 Nd6 33. Re2 Nxc4 34. Rf2+ Ke7 35. Bf8+ Ke8 36. Bh6 Rf7 37. Re2+ Kd7 38. Kg3 Kd6 39. Bf4+ Kxd5 40. Re8 Rd7 41. h5 gxh5 42. gxh5 b5 43. h6 a5 44. Rg8 Ke6 45. Rc8 Kd5 46. Rg8 b4 47.
cxb4 cxb4 48. Rg7 Ke6 49. Bc1 Rxg7+ 50. hxg7 Kf7 51. Bh6 a4 52. Kf3 b3 53. axb3 axb3 0-1